 Dungeon Crawl Stone Soup version 0.28-a0-1565-g95a8017c83 (webtiles) character file.

Game seed: 11020006434108569449

222 esteth the Chopper (level 5, 0/41 HPs)
             Began as a Gnoll Wanderer on Jan 18, 2022.
             Was a Believer of Wu Jian.
             Slain by a sky beast (3 damage)
             ... on level 5 of the Dungeon on Jan 19, 2022.
             The game lasted 00:05:32 (2895 turns).

esteth the Chopper (Gnoll Wanderer)                 Turns: 2895, Time: 00:05:32

Health: 0/41       AC:  6    Str: 12    XL:     5   Next: 99%
Magic:  9/9        EV: 11    Int: 15    God:    Wu Jian [**....]
Gold:   145        SH:  5    Dex:  9    Spells: 9/10 levels left

rFire   . . .      SeeInvis .   a - +2 hand axe
rCold   . . .      Faith    .   (no shield)
rNeg    + . .      Spirit   .   o - +0 leather armour
rPois   .          Reflect  +   (no helmet)
rElec   .          Harm     .   (no cloak)
rCorr   .          Rampage  .   i - +0 pair of gloves
Will    .....                   d - +0 pair of boots
Stlth   +.........              q - amulet of reflection
HPRegen 0.13/turn               p - ring of positive energy
MPRegen 0.11/turn               (no ring)

@: no status effects
A: fangs 1, strong nose, distributed training
a: Renounce Religion, Wall Jump


You were on level 5 of the Dungeon.
You worshipped Wu Jian.
Wu Jian was pleased with you.
You visited 1 branch of the dungeon, and saw 5 of its levels.

You collected 145 gold pieces.

Inventory:

Hand Weapons
 a - a +2 hand axe (weapon)
Armour
 b - a +0 scale mail
 d - a +0 pair of boots (worn)
 i - a +0 pair of gloves (worn)
 o - a +0 leather armour (worn)
Jewellery
 p - a ring of positive energy (left hand)
 q - an amulet of reflection (around neck)
Scrolls
 c - 7 scrolls of identify {unknown}
 g - a scroll of brand weapon {unknown}
 h - 2 scrolls of vulnerability {unknown}
 l - a scroll of magic mapping {unknown}
 m - 2 scrolls of blinking {unknown}
 n - a scroll of enchant weapon {unknown}
 s - a scroll of fear {unknown}
 t - 2 scrolls of noise {unknown}
 v - a scroll of torment {unknown}
Potions
 e - a potion of curing {unknown}
 f - a potion of heal wounds {unknown}
 j - a potion of degeneration {unknown}
 k - a potion of lignification {unknown}
 r - 2 potions of brilliance {unknown}
 u - a potion of cancellation {unknown}


   Skills:
 + Level 3.1 Fighting
 + Level 1.7 Short Blades
 + Level 1.7 Long Blades
 + Level 6.7 Axes
 + Level 1.7 Maces & Flails
 + Level 1.7 Polearms
 + Level 1.7 Staves
 + Level 1.7 Slings
 + Level 1.7 Bows
 + Level 1.7 Crossbows
 + Level 1.7 Throwing
 + Level 4.9 Armour
 + Level 1.7 Dodging
 + Level 1.7 Stealth
 + Level 1.7 Shields
 + Level 1.7 Unarmed Combat
 + Level 3.3 Spellcasting
 + Level 1.3 Conjurations
 + Level 1.3 Hexes
 + Level 5.6 Summonings
 + Level 1.3 Necromancy
 + Level 1.3 Translocations
 + Level 1.3 Transmutations
 + Level 1.3 Fire Magic
 + Level 1.3 Ice Magic
 + Level 1.3 Air Magic
 + Level 1.3 Earth Magic
 + Level 1.3 Poison Magic
 + Level 1.9 Invocations
 + Level 1.7 Evocations


You had 9 spell levels left.
You knew the following spells:

 Your Spells              Type           Power      Damage    Failure   Level
a - Summon Small Mammal   Summ           76%        N/A       2%          1

Your spell library contained the following spells:

 Spells                   Type           Power      Damage    Failure   Level
 Call Canine Familiar     Summ           19%        N/A       8%          3


Dungeon Overview and Level Annotations

Branches:
Dungeon (5/15)
 Temple: D:4-7

Altars:
Wu Jian


Innate Abilities, Weirdness & Mutations

You have very sharp teeth.
Your uncanny sense of smell can sniff out nearby items.
Your experience applies equally to all skills.


Message History

The sky beast misses you.
You hit the sky beast.
The sky beast is severely wounded.
The sky beast hits you but does no damage.
You miss the sky beast.
The sky beast is severely wounded.
The sky beast hits you but does no damage.
You barely miss the sky beast.
The sky beast is severely wounded.
The sky beast flickers out of sight!
Deactivating autopickup; reactivate with Ctrl-A.
Something hits you. Something shocks you.
You hit something. Something hits you but does no damage.
You miss something. You block something's attack.
You hit something. You block something's attack.
You hit something but do no damage. Something hits you. Something shocks you.
You hit something but do no damage. Your bite misses something.
Something hits you but does no damage.
You miss something. Something hits you but does no damage.
You hit something but do no damage.
A sky beast appears from thin air!
Reactivating autopickup.
The sky beast closely misses you.
You closely miss the sky beast.
The sky beast is almost dead.
The sky beast hits you but does no damage.
You hit the sky beast but do no damage. Your bite misses the sky beast.
The sky beast is almost dead.
The sky beast flickers out of sight!
Deactivating autopickup; reactivate with Ctrl-A.
Something hits you. Something shocks you.
* * * LOW HITPOINT WARNING * * *
You closely miss something. Your bite misses something.
Something hits you but does no damage.
You hit something. Your bite misses something. Something hits you.
* * * LOW HITPOINT WARNING * * *
Something shocks you.
* * * LOW HITPOINT WARNING * * *
You miss something. Something hits you but does no damage.
You barely miss something. Something hits you.
You die...

#..!....# #.......#
.####.......###
...............
#Y.......# #.# #.# #{#
##@#########
#........... ∆
##.###...... ##.
#....+...... #..#
###†###...... #..###
#.....#...... ##
#...####....(.......
#.# #....##...#........
#..###....#####........


There were no monsters in sight!

Vanquished Creatures
  A necrophage (D:4)
  A hound (D:5)
  An iguana (D:4)
  Robin (D:3)
  An adder (D:3)
  An ufetubus (D:4)
  An orc (D:3)
  4 bats
  3 endoplasms
  4 giant cockroaches
  6 hobgoblins
  2 jackals (D:3)
  2 quokkas
  4 ball pythons
  10 goblins
  5 kobolds
  4 rats
51 creatures vanquished.

Notes
Turn   | Place    | Note
-------+----------+-------------------------------------------
     0 | D:1      | esteth the Gnoll Wanderer began the quest for the Orb.
     0 | D:1      | esteth set off with the following items: a +2 hand axe, a
                  | +0 scale mail; and the following spell memorised: Summon
                  | Small Mammal; and the following spells available to
                  | memorise: Call Canine Familiar
     0 | D:1      | Reached XP level 1. HP: 17/17 MP: 4/4
   177 | D:1      | Reached XP level 2. HP: 23/23 MP: 5/5
   655 | D:2      | Found a faded altar of an unknown god.
   717 | D:2      | Prayed at the altar of an unknown god.
   717 | D:2      | Became a worshipper of the Wu Jian Council
   717 | D:2      | Reached * piety under Wu Jian
   766 | D:2      | Reached XP level 3. HP: 28/28 MP: 7/7
  1176 | D:3      | Reached skill level 1 in Invocations
  1418 | D:3      | Noticed Robin
  1432 | D:3      | Reached skill level 1 in Short Blades
  1432 | D:3      | Reached skill level 1 in Long Blades
  1432 | D:3      | Reached skill level 1 in Maces & Flails
  1432 | D:3      | Reached skill level 1 in Polearms
  1432 | D:3      | Reached skill level 1 in Staves
  1432 | D:3      | Reached skill level 1 in Slings
  1432 | D:3      | Reached skill level 1 in Bows
  1432 | D:3      | Reached skill level 1 in Crossbows
  1432 | D:3      | Reached skill level 1 in Throwing
  1432 | D:3      | Reached skill level 1 in Dodging
  1432 | D:3      | Reached skill level 1 in Stealth
  1432 | D:3      | Reached skill level 1 in Shields
  1432 | D:3      | Reached skill level 1 in Unarmed Combat
  1432 | D:3      | Reached skill level 1 in Evocations
  1446 | D:3      | Killed Robin
  1447 | D:3      | Reached XP level 4. HP: 22/34 MP: 8/8
  1586 | D:3      | Reached ** piety under Wu Jian
  2260 | D:4      | Noticed a necrophage
  2274 | D:4      | Killed a necrophage
  2275 | D:4      | Reached skill level 1 in Conjurations
  2275 | D:4      | Reached skill level 1 in Hexes
  2275 | D:4      | Reached skill level 1 in Necromancy
  2275 | D:4      | Reached skill level 1 in Translocations
  2275 | D:4      | Reached skill level 1 in Transmutations
  2275 | D:4      | Reached skill level 1 in Fire Magic
  2275 | D:4      | Reached skill level 1 in Ice Magic
  2275 | D:4      | Reached skill level 1 in Air Magic
  2275 | D:4      | Reached skill level 1 in Earth Magic
  2275 | D:4      | Reached skill level 1 in Poison Magic
  2275 | D:4      | Reached XP level 5. HP: 33/41 MP: 9/9
  2480 | D:4      | Upgraded the game from 0.28-a0-1555-g9ae15a6949 to
                  | 0.28-a0-1565-g95a8017c83
  2804 | D:5      | Entered Level 5 of the Dungeon
  2861 | D:5      | Noticed a sky beast
  2895 | D:5      | Slain by a sky beast

Illustrated notes

Levels and vault maps discovered:
D:1:      dpeg_arrival_orchard, layout_rooms
D:2:      layout_rooms, chequers_ecumenical_altar_simple
D:3:      wander_river, layout_basic, due_unseen_surprise, uniq_robin
D:4:      layout_loops_ring
D:5:      lemuel_castle_with_subvaults [lemuel_castle_interior_carwin_1],
          layout_basic, makhleb_blood_cavern_becter,
          gammafunk_temple_overflow_wave

Skill      XL: |  1  2  3  4 |
---------------+-------------+-----
Invocations    | 1 |  1.9
Short Blades   | 1 |  1.7
Long Blades    | 1 |  1.7
Maces & Flails | 1 |  1.7
Polearms       | 1 |  1.7
Staves         | 1 |  1.7
Slings         | 1 |  1.7
Bows           | 1 |  1.7
Crossbows      | 1 |  1.7
Throwing       | 1 |  1.7
Dodging        | 1 |  1.7
Stealth        | 1 |  1.7
Shields        | 1 |  1.7
Unarmed Combat | 1 |  1.7
Evocations     | 1 |  1.7
Spellcasting   | 3 |  3.3
Fighting       | 3 |  3.1
Conjurations   | 1 |  1.3
Hexes          | 1 |  1.3
Necromancy     | 1 |  1.3
Translocations | 1 |  1.3
Transmutations | 1 |  1.3
Fire Magic     | 1 |  1.3
Ice Magic      | 1 |  1.3
Air Magic      | 1 |  1.3
Earth Magic    | 1 |  1.3
Poison Magic   | 1 |  1.3
Axes           | |  6.7
Armour         | |  4.9
Summonings     | |  5.6

Action                   |  1- 3 |  4- 6 || total
-------------------------+-------+-------++-------
Melee: Hand axe          |    96 |    93 ||   189
       Bite              |     8 |     8 ||    16
       Punch             |     3 |     2 ||     5
 Cast: Summon Small Mamm |       |     1 ||     1
Invok: Lunge             |     7 |     4 ||    11
       Whirlwind         |    18 |       ||    18
 Stab: Distracted        |       |     1 ||     1
Armor: Scale mail        |    60 |     2 ||    62
       Leather armour    |       |    30 ||    30
Dodge: Dodged            |    40 |    37 ||    77
Block: Other             |       |    11 ||    11

Table legend: (Time is in decaauts)
 A = Elapsed time spent in this place.
 B = Non-inter-level travel time spent in this place.
 C = Inter-level travel time spent in this place.
 D = Time resting spent in this place.
 E = Time spent auto-exploring this place.
 F = Levels seen in this place.
 G = Mean time per level.
                   A        B        C        D        E       F      G
               +--------+--------+--------+--------+--------+-----+--------+
         Total |   2898 |   2854 |     44 |    403 |   2039 |   5 |  579.6 |
       Dungeon |   2898 |   2854 |     44 |    403 |   2039 |   5 |  579.6 |
               +--------+--------+--------+--------+--------+-----+--------+

Top non-repeatable levels by time:
     D:3: 1092 daAuts
     D:4: 766 daAuts
     D:2: 532 daAuts
     D:1: 417 daAuts
     D:5: 89 daAuts
